 Dungeon Crawl Stone Soup version 0.31-a0-267-g3fc6992b3b (webtiles) character file.

Game seed: 16800691756638807815

2476 qw the Skirmisher (level 9, -1/79 HPs)
             Began as a Minotaur Hexslinger on July 13, 2023.
             Slain by an acid dragon (9 damage)
             ... on level 6 of the Dungeon.
             The game lasted 00:02:20 (5588 turns).

qw the Skirmisher (Minotaur Hexslinger)             Turns: 5588, Time: 00:02:21

Health: -1/79      AC:  2    Str: 13    XL:     9   Next: 27%
Magic:  10/10      EV: 14    Int: 10    God:
Gold:   464        SH:  5    Dex: 17    Spells: 9/10 levels left

rFire   . . .        e - +0 orcbow
rCold   + . .        (shield currently unavailable)
rNeg    . . .        f - +0 robe {rC+}
rPois   .            (helmet unavailable)
rElec   .            (no cloak)
rCorr   .            (no gloves)
SInv    +            (no boots)
Will    .....        h - amulet of reflection
Stlth   ++           a - ring of see invisible
HPRegen 0.33/turn    (no ring)
MPRegen 0.12/turn

%: reflection
@: about to teleport
A: horns 3, retaliatory headbutt, high MP 1, sense surroundings 1
a: no special abilities


You were on level 6 of the Dungeon.
You visited 1 branch of the dungeon, and saw 6 of its levels.

You collected 464 gold pieces.


Innate Abilities, Weirdness & Mutations

You have a pair of large horns on your head.
You reflexively headbutt those who attack you in melee.
You have an increased reservoir of magic. (+10% MP)
You passively map a small area around you.


   Skills:
 - Level 7.1 Fighting
 + Level 11.4 Ranged Weapons
 - Level 5.1 Dodging
 - Level 1.0 Spellcasting
 - Level 2.0 Hexes


You had 9 spell levels left.
You knew the following spells:

 Your Spells              Type           Power      Damage    Failure   Level
a - Slow                  Hex            16%        N/A       16%         1

Your spell library contained the following spells:

 Spells                   Type           Power      Damage    Failure   Level
 Inner Flame              Hex/Fire       2%         N/A       56%         3
 Portal Projectile        Hex/Tloc       4%         N/A       56%         3
 Cause Fear               Hex            2%         N/A       83%         4

Inventory:

Hand Weapons
 e - a +0 orcbow (weapon)
Armour
 b - a +0 ring mail
 f - a +0 robe of cold resistance (worn)
 i - a +2 hat
 l - a +0 cloak
Jewellery
 a - a ring of see invisible (left hand)
 h - an amulet of reflection (around neck)
Scrolls
 c - 3 scrolls of teleportation
 g - 8 scrolls of identify
 j - a scroll of enchant armour
Potions
 d - 2 potions of haste
 k - a potion of brilliance {unknown}
 n - a potion of might

Dungeon Overview and Level Annotations

Branches:
Dungeon (6/15)             Temple (0/1) D:6

Altars:
Ashenzari
Gozag
Ru
Trog
Yredelemnul
The Shining One


Message History

The acid dragon spits acid at you. The splash of acid hits you!!
Enter note:
Enter note:
Enter note:
Enter note:
Enter note:
Enter note:
Enter note:
Enter note:
Enter note:
5581 ||| PLANNING TEMPLE You shoot an arrow.
The arrow hits the acid dragon!
The acid dragon is heavily wounded.
You shoot an arrow.
The arrow barely misses the acid dragon.
The acid dragon bites you. The acid dragon closely misses you.
You shoot an arrow.
The arrow hits the acid dragon but does no damage.
The acid dragon is heavily wounded.
The acid dragon closely misses you. The acid dragon misses you.
You shoot an arrow.
The arrow completely misses the acid dragon.
The acid dragon bites you.
The acid dragon claws you but does no damage.
You shoot an arrow. The arrow hits the acid dragon.
The acid dragon is heavily wounded.
The acid dragon bites you. The acid dragon barely misses you.
You shoot an arrow. The arrow hits the acid dragon.
The acid dragon is severely wounded.
The acid dragon spits acid at you. The splash of acid hits you!!
5587 ||| READING 4 scrolls of teleportation.
As you read the scroll of teleportation, it crumbles to dust.
You feel strangely unstable. The acid dragon bites you.
You block the acid dragon's attack.
You shoot an arrow.
The arrow barely misses the acid dragon.
The acid dragon bites you!
You die...

#### , * ...## ....##
.....# * .....# ,
.....# +### ....## *
....# ...## *
####.###.#** ..## ~ *
#.@D.+> + ..# ##
#.##.###.# ..# \
,+.####.# ....#* ..#
* ~ ,#......####+###
.##* #...##.........
..###*
###.##########. ....#
#.########
.##.########(.......#
.##.................#


You could see an acid dragon (catching breath).

Vanquished Creatures
  Sigmund (D:2)
  Menkaure (D:5)
  Duvessa (D:4)
  2 ice beasts (D:5)
  A sky beast (D:6)
  A black bear (D:5)
  A centaur (D:5)
  A phantom (D:4)
  A kobold brigand (D:6)
  3 necrophages (D:5)
  2 gnoll sergeants
  A water moccasin zombie (D:5)
  A bullfrog (D:6)
  A wyvern zombie (D:5)
  A wight (D:5)
  Dowan (D:4)
  A bullfrog zombie (D:5)
  2 jellies (D:5)
  2 centaur zombies (D:5)
  3 hounds
  A human zombie (D:5)
  2 orc priests (D:6)
  A gnoll bouda (D:5)
  3 sleepcaps
  Jessica (D:2)
  4 iguanas
  An orc wizard (D:4)
  A howler monkey zombie (D:5)
  Robin (D:3)
  4 adders
  16 gnolls
  An adder zombie (D:5)
  3 worms
  6 dart slugs
  7 orcs
  8 ball pythons
  8 bats
  6 endoplasms
  3 giant cockroaches
  14 goblins
  6 hobgoblins
  12 kobolds
  7 quokkas
  A frilled lizard (D:3)
  14 rats
159 creatures vanquished.

Notes
Turn   | Place    | Note
-------+----------+-------------------------------------------
     0 | D:1      | qw the Minotaur Hexslinger began the quest for the Orb.
     0 | D:1      | Reached XP level 1. HP: 16/16 MP: 1/1
     0 | D:1      | 0 ||| qw: Version: 0.3-a-52-g30416fa
     0 | D:1      | 0 ||| qw: Game counter: 7763
     0 | D:1      | 0 ||| qw: Melee chars always use a shield: true
     0 | D:1      | 0 ||| qw: God list: Okawaru
     0 | D:1      | 0 ||| qw: Allow faded altars: false
     0 | D:1      | 0 ||| qw: Do Orc after clearing Dungeon:15 true
     0 | D:1      | 0 ||| qw: Do second Lair branch before Depths: true
     0 | D:1      | 0 ||| qw: Lair rune preference: random
     0 | D:1      | 0 ||| qw: Goals: Normal
     0 | D:1      | 0 ||| PLANNING D:1-11
   118 | D:1      | Reached skill level 3 in Ranged Weapons
   122 | D:1      | Reached XP level 2. HP: 23/23 MP: 2/2
   692 | D:1      | 692 ||| UPGRADING to +2 hat.
   697 | D:1      | 697 ||| READING scroll labelled JELUAX AGILO.
   698 | D:1      | 698 ||| READING scroll labelled FOGRUE PALARE.
   699 | D:1      | 699 ||| READING 4 scrolls labelled BAROISCHIGI.
   700 | D:1      | 700 ||| READING scroll labelled RAINNE IVUZUET.
   705 | D:1      | 705 ||| READING scroll labelled WYXKIR CIPHOUM.
   706 | D:1      | 706 ||| READING scroll labelled LISCHE ENWAS.
   707 | D:1      | 707 ||| READING scroll labelled FEQAIK PUKKEU.
   708 | D:1      | 708 ||| READING scroll labelled QEEXKI MUURHO.
   709 | D:1      | 709 ||| DRINKING 2 white potions.
   710 | D:1      | 710 ||| DRINKING 2 smoky yellow potions.
   711 | D:1      | 711 ||| DROPPING scroll of poison.
   741 | D:2      | Reached XP level 3. HP: 29/29 MP: 3/3
   750 | D:2      | Reached skill level 4 in Ranged Weapons
   864 | D:2      | Reached XP level 4. HP: 36/36 MP: 4/4
   984 | D:2      | Noticed Sigmund
   986 | D:2      | 986 ||| FLEEEEING.
   988 | D:2      | 988 ||| FLEEEEING.
   990 | D:2      | 990 ||| FLEEEEING.
   991 | D:2      | 991 ||| FLEEEEING.
  1015 | D:2      | Killed Sigmund
  1016 | D:2      | Reached skill level 6 in Ranged Weapons
  1016 | D:2      | Reached XP level 5. HP: 17/41 MP: 5/5
  1354 | D:2      | Noticed Jessica
  1357 | D:2      | Killed Jessica
  1358 | D:2      | Reached XP level 6. HP: 48/50 MP: 6/6
  1691 | D:2      | 1691 ||| UPGRADING to +0 ring mail.
  1701 | D:2      | 1701 ||| DROPPING +0 robe.
  1702 | D:2      | 1702 ||| UPGRADING to +0 robe of cold resistance.
  1712 | D:2      | 1712 ||| UPGRADING to amulet of reflection.
  1717 | D:2      | 1717 ||| READING scroll labelled BOITOME HILEER.
  1818 | D:2      | 1818 ||| READING 8 scrolls of identify.
  1818 | D:2      | 1818 ||| IDENTIFYING pink potion
  1819 | D:2      | 1819 ||| DROPPING potion of degeneration.
  1869 | D:3      | Reached skill level 3 in Fighting
  1909 | D:3      | Found an opulent altar of Gozag.
  2224 | D:3      | Noticed Robin
  2240 | D:3      | Killed Robin
  2333 | D:3      | 2333 ||| DRINKING 2 glowing green potions.
  2333 | D:3      | Gained mutation: You occasionally lose the ability to read
                  | scrolls when taking damage. [potion of mutation]
  2333 | D:3      | Gained mutation: You are vulnerable to cold. (rC-) [potion
                  | of mutation]
  2333 | D:3      | Gained mutation: You have large cloven feet. [potion of
                  | mutation]
  2334 | D:3      | 2334 ||| DRINKING potion of mutation.
  2334 | D:3      | Lost mutation: You are vulnerable to cold. (rC-) [potion of
                  | mutation]
  2334 | D:3      | Lost mutation: You have large cloven feet. [potion of
                  | mutation]
  2334 | D:3      | Lost mutation: You occasionally lose the ability to read
                  | scrolls when taking damage. [potion of mutation]
  2334 | D:3      | Gained mutation: You passively map a small area around you.
                  | [potion of mutation]
  2334 | D:3      | Gained mutation: You passively map the area around you.
                  | [potion of mutation]
  2334 | D:3      | Gained mutation: You occasionally lose the ability to drink
                  | potions when taking damage. [potion of mutation]
  2335 | D:3      | 2335 ||| READING 9 scrolls of identify.
  2335 | D:3      | 2335 ||| IDENTIFYING amethyst potion
  2336 | D:3      | 2336 ||| DROPPING potion of attraction.
  2423 | D:4      | Noticed Duvessa
  2432 | D:4      | HP: 10/52 [Duvessa/+0 rapier (8)]
  2433 | D:4      | 2433 ||| READING 5 scrolls of teleportation.
  2435 | D:4      | Killed Duvessa
  2436 | D:4      | Reached skill level 7 in Ranged Weapons
  2657 | D:4      | Noticed Dowan
  2672 | D:4      | Killed Dowan
  2673 | D:4      | Reached XP level 7. HP: 39/59 MP: 7/7
  2821 | D:4      | Found a sacrificial altar of Ru.
  2941 | D:4      | Reached skill level 8 in Ranged Weapons
  3309 | D:4      | 3309 ||| UPGRADING to ring of see invisible.
  3336 | D:5      | Entered Level 5 of the Dungeon
  3432 | D:5      | Found a glowing golden altar of the Shining One.
  3438 | D:5      | Found a broken altar of Ashenzari.
  3442 | D:5      | Reached skill level 3 in Dodging
  3442 | D:5      | 3442 ||| FLEEEEING.
  3443 | D:5      | 3443 ||| FLEEEEING.
  3642 | D:5      | Reached skill level 9 in Ranged Weapons
  3642 | D:5      | Reached XP level 8. HP: 57/68 MP: 8/8
  3732 | D:5      | Reached skill level 6 in Fighting
  3828 | D:5      | Found a basalt altar of Yredelemnul.
  3850 | D:5      | Reached skill level 10 in Ranged Weapons
  4009 | D:5      | Found a bloodstained altar of Trog.
  4055 | D:5      | 4055 ||| SWAPPING to +0 orcbow.
  4073 | D:5      | 4073 ||| DROPPING +2 sling of flaming.
  4293 | D:5      | Noticed Menkaure
  4306 | D:5      | Killed Menkaure
  4733 | D:5      | 4733 ||| Stepping ~*~*~tactically~*~*~ (outnumbered).
  4851 | D:6      | Reached XP level 9. HP: 79/79 MP: 9/9
  4971 | D:6      | 4971 ||| DRINKING potion of mutation.
  4971 | D:6      | Lost mutation: You passively map the area around you.
                  | [potion of mutation]
  4971 | D:6      | Lost mutation: You occasionally lose the ability to drink
                  | potions when taking damage. [potion of mutation]
  4971 | D:6      | Gained mutation: You have a pair of large horns on your
                  | head. [potion of mutation]
  4971 | D:6      | Gained mutation: You have an increased reservoir of magic.
                  | (+10% MP) [potion of mutation]
  5001 | D:6      | Reached skill level 11 in Ranged Weapons
  5418 | D:6      | 5418 ||| Stepping ~*~*~tactically~*~*~ (outnumbered).
  5420 | D:6      | 5420 ||| Stepping ~*~*~tactically~*~*~ (outnumbered).
  5581 | D:6      | 5581 ||| PLANNING TEMPLE
  5586 | D:6      | HP: 13/79 [acid dragon/splash of acid (27)]
  5587 | D:6      | 5587 ||| READING 4 scrolls of teleportation.
  5588 | D:6      | Slain by an acid dragon

Levels and vault maps discovered:
D:1:      matt_arrival_debris, layout_basic, minmay_rat_gold_closets
D:2:      layout_loops_cross, hangedman_decor_lopped, nrook_uturn, uniq_jessica,
          uniq_sigmund
D:3:      layout_basic, nicolae_gozag_seed_capital, minmay_misc_feat_room,
          uniq_robin
D:4:      layout_gridville, nicolae_ru_great_annihilating_truth,
          feat_on_display, uniq_duvessa
D:5:      layout_layer_cave, lemuel_mausoleum_altar_yredelemnul,
          grunt_temple_overflow_open, uniq_menkaure
D:6:      layout_rooms, makhleb_grotto_becter, mainiacjoe_overflow_alcove_4,
          minmay_temple_entry_glassed_door

Skill      XL: |  1  2  3  4  5  6  7  8  9 |
---------------+----------------------------+-----
Ranged Weapons | 3 4 6 7 9 10 11 | 11.4
Fighting       | 2 4 5 7 |  7.1
Dodging        | 3 4 5 |  5.1
Spellcasting   | |  1.0
Hexes          | |  2.0

Action                     |  1- 3 |  4- 6 |  7- 9 || total
---------------------------+-------+-------+-------++-------
   Fire: Sling             |    71 |   145 |   179 ||   395
         Orcbow            |       |       |   163 ||   163
    Use: Scroll            |     8 |     4 |     1 ||    13
         Potion            |     2 |     2 |     1 ||     5
 Armour: Robe              |     2 |     7 |    16 ||    25
  Dodge: Dodged            |    10 |    37 |    97 ||   144
  Block: Other             |       |     2 |    36 ||    38
         Reflection        |       |       |     2 ||     2

Table legend:
 A = Non-vault XP
 B = Vault XP
 C = Vault XP percentage of total XP
 D = Non-vault monster count
 E = Vault monster count
 F = Vault count percentage of total count
                 A         B        C        D         E       F
            +---------+---------+-------+---------+---------+-------
      Total |    2103 |    1435 |  40.6 |     117 |      42 |  26.4
            +---------+---------+-------+---------+---------+-------
        D:1 |      23 |       8 |  25.8 |      13 |       8 |  38.1
        D:2 |     113 |     260 |  69.7 |      28 |       2 |   6.7
        D:3 |      85 |      39 |  31.5 |      13 |      13 |  50.0
        D:4 |     233 |     253 |  52.1 |      16 |       6 |  27.3
        D:5 |     904 |     875 |  49.2 |      19 |      13 |  40.6
        D:6 |     745 |       0 |   0.0 |      28 |       0 |   0.0
            +---------+---------+-------+---------+---------+-------
